[Event "Lueneburg Open-A 2019"]
[Site "Lueneburg"]
[Date "2019.08.11"]
[Round "9.14"]
[White "Mueer, Sebastian"]
[Black "von Estorff, Jacob"]
[Result "1/2-1/2"]
[ECO "B35"]
[WhiteElo "2198"]
[BlackElo "2055"]
[Annotator "NA"]
[PlyCount "46"]
[EventDate "2019.08.03"]
[EventType "swiss"]
[EventCountry "GER"]
[SourceTitle "playchess.com"]
[Source "ChessBase"]
[SourceQuality "1"]
[TimeControl "40/5400+30:1800+30"]

1. e4 c5 2. Nf3 Nc6 3. d4 cxd4 4. Nxd4 g6 5. Nc3 Bg7 6. Be3 Nf6 7. Bc4 O-O 8. Bb3 Qa5 9. O-O d6 10. h3 Bd7 11. Qd2 Nxd4 12. Qxd4 Ng4 13. Qd5 Qxd5 14. Nxd5 Nxe3 15. Nxe7+ Kh8 16. fxe3 Rae8 17. Nd5 Bxb2 18. Rab1 Be5 19. Nf6 Rd8 20. Nxd7 Rxd7 21. Bd5 b6 22. Rb3 Rc7 23. c4 Kg7 1/2-1/2

[Event "Lueneburg Open-A 2019"]
[Site "Lueneburg"]
[Date "2019.08.11"]
[Round "9.16"]
[White "Blum, Frederik"]
[Black "Dijkhuis, Oele"]
[Result "0-1"]
[ECO "B72"]
[WhiteElo "2037"]
[BlackElo "2161"]
[Annotator "NA"]
[PlyCount "62"]
[EventDate "2019.08.03"]
[EventType "swiss"]
[EventCountry "GER"]
[SourceTitle "playchess.com"]
[Source "ChessBase"]
[SourceQuality "1"]
[TimeControl "40/5400+30:1800+30"]

1. e4 c5 2. Nf3 d6 3. d4 cxd4 4. Nxd4 Nf6 5. Nc3 g6 6. Be3 a6 7. f3 b5 8. Qd2 Bb7 9. Nb3 Nbd7 10. a4 b4 11. Nd5 Nxd5 12. exd5 Bg7 13. O-O-O Rc8 14. Qxb4 Qc7 15. c3 Bxc3 16. bxc3 Qxc3+ 17. Qxc3 Rxc3+ 18. Kb2 Rxe3 19. Na5 Nc5 20. Kc2 Bc8 21. Nc4 Rb3 22. Re1 Bf5+ 23. Kd2 Kd8 24. Na5 Rb2+ 25. Kc1 Rb1+ 26. Kd2 Rxe1 27. Nc6+ Kc7 28. Kxe1 Bd7 29. Nb4 Rb8 30. Nd3 Rb1+ 31. Kd2 Nxd3 0-1

[Event "Lueneburg Open-A 2019"]
[Site "Lueneburg"]
[Date "2019.08.11"]
[Round "9.17"]
[White "Anderberg, Peter"]
[Black "Colbow, Collin"]
[Result "1/2-1/2"]
[ECO "E32"]
[WhiteElo "2014"]
[BlackElo "2167"]
[Annotator "ChessBase"]
[PlyCount "177"]
[EventDate "2019.08.03"]
[EventType "swiss"]
[EventCountry "GER"]
[SourceTitle "playchess.com"]
[Source "ChessBase"]
[SourceQuality "1"]
[TimeControl "40/5400+30:1800+30"]

1. d4 Nf6 2. c4 e6 3. Nc3 Bb4 4. Qc2 b6 5. a3 Bxc3+ 6. Qxc3 Bb7 7. Bg5 h6 8. Bh4 d6 9. f3 Qe7 10. e4 e5 11. dxe5 dxe5 12. c5 Nxe4 13. Bxe7 Nxc3 14. cxb6 axb6 15. Bh4 Nd5 16. Bb5+ c6 17. Bd3 Nd7 18. Ne2 Nc5 19. Bb1 Ba6 20. b4 Nb3 21. Ra2 O-O 22. Be4 Bxe2 23. Bxd5 cxd5 24. Kxe2 Rfc8 25. Bf2 Nc1+ 26. Rxc1 Rxc1 27. Bxb6 Ra4 28. Kd2 Rc4 29. Bc5 d4 30. Bd6 Ra6 31. Bc5 Ra4 32. Bd6 Rc3 33. Bxe5 Raxa3 34. Rxa3 Rxa3 35. Bxd4 f6 36. Bb2 Rb3 37. Bc3 Kf7 38. Kc2 Ra3 39. Kb2 Ra8 40. h4 Ke6 41. g4 g5 42. hxg5 fxg5 43. Bg7 Kf7 44. Be5 Rf8 45. b5 Ke6 46. Bg7 Rxf3 47. Bxh6 Kf6 48. Bf8 Rd3 49. b6 Rd5 50. Kc3 Rb5 51. Kd4 Rxb6 52. Ke4 Rc6 53. Kf3 Rc3+ 54. Kf2 Rc4 55. Kf3 Rf4+ 56. Kg3 Rd4 57. Bc5 Rd3+ 58. Kf2 Ke6 59. Be3 Rd5 60. Kf3 Re5 61. Bd4 Rb5 62. Be3 Kd6 63. Ke4 Re5+ 64. Kf3 Kd5 65. Bc1 Kc4 66. Bd2 Kd4 67. Bc1 Rb5 68. Be3+ Kd3 69. Bc1 Re5 70. Ba3 Re3+ 71. Kg2 Ke2 72. Bc1 Re5 73. Kg3 Rb5 74. Kg2 Rb4 75. Kg3 Rb3+ 76. Kg2 Rb5 77. Kg3 Kf1 78. Bxg5 Rxg5 79. Kf4 Rg7 80. g5 Kg2 81. Kf5 Kg3 82. Kf6 Ra7 83. g6 Kf4 84. g7 Ra8 85. Kf7 Kf5 86. g8=Q Ra7+ 87. Kf8 Ra8+ 88. Kg7 Rxg8+ 89. Kxg8 1/2-1/2

[Event "Lueneburg Open-A 2019"]
[Site "Lueneburg"]
[Date "2019.08.11"]
[Round "9.18"]
[White "Deutschbein, Christopher"]
[Black "Ramme, Christoph"]
[Result "0-1"]
[ECO "E05"]
[WhiteElo "2015"]
[BlackElo "2154"]
[Annotator "NA"]
[PlyCount "42"]
[EventDate "2019.08.03"]
[EventType "swiss"]
[EventCountry "GER"]
[SourceTitle "playchess.com"]
[Source "ChessBase"]
[SourceQuality "1"]
[TimeControl "40/5400+30:1800+30"]

1. d4 Nf6 2. c4 e6 3. Nf3 d5 4. g3 Be7 5. Bg2 O-O 6. O-O dxc4 7. Qc2 a6 8. a4 Bd7 9. Rd1 c5 10. dxc5 Bxc5 11. Ne5 Qb6 12. e3 Bc6 13. Nxc4 Qc7 14. Bd2 Bxg2 15. Kxg2 Nc6 16. Bc3 Nd5 17. Nba3 Rac8 18. Rac1 Qb8 19. Qe4 b5 20. axb5 axb5 21. b4 Nxc3 0-1

[Event "Lueneburg Open-A 2019"]
[Site "Lueneburg"]
[Date "2019.08.11"]
[Round "9.19"]
[White "Haas, Frank-Martin"]
[Black "Prasse, Philipp"]
[Result "1-0"]
[ECO "B13"]
[WhiteElo "2152"]
[BlackElo "2003"]
[Annotator "NA"]
[PlyCount "115"]
[EventDate "2019.08.03"]
[EventType "swiss"]
[EventCountry "GER"]
[SourceTitle "playchess.com"]
[Source "ChessBase"]
[SourceQuality "1"]
[TimeControl "40/5400+30:1800+30"]

1. e4 c6 2. d4 d5 3. exd5 cxd5 4. c4 Nf6 5. Nc3 Nc6 6. Nf3 Bg4 7. cxd5 Nxd5 8. Qb3 Bxf3 9. gxf3 e6 10. Qxb7 Nxd4 11. Bb5+ Nxb5 12. Qc6+ Ke7 13. Qxb5 Qd7 14. Nxd5+ Qxd5 15. Bg5+ f6 16. Qxd5 exd5 17. Be3 Ke6 18. O-O-O Bb4 19. Kb1 Rhd8 20. Rd3 Rd7 21. Rc1 Rad8 22. Rc6+ Kf5 23. a3 d4 24. axb4 dxe3 25. Rxe3 Rd2 26. Rc2 Kf4 27. Re7 R8d7 28. Rc7 Rxe7 29. Rxe7 Rxf2 30. Rxg7 Rxh2 31. Rxa7 Kxf3 32. Rf7 Ke4 33. Rxf6 Ke5 34. Rf3 Kd5 35. Rf4 Kc6 36. Ka2 Kb5 37. Ka3 Rh5 38. Rf8 Rg5 39. Rb8+ Kc6 40. Rh8 h5 41. Ka4 Rg2 42. Rh6+ Kb7 43. b3 Rh2 44. Kb5 h4 45. Rh7+ Kc8 46. Kc6 Rc2+ 47. Kb6 Rc3 48. Rxh4 Rxb3 49. b5 Rg3 50. Rh8+ Kd7 51. Kb7 Rg6 52. b6 Rf6 53. Rh1 Kd6 54. Rc1 Rf2 55. Kb8 Rb2 56. b7 Kd7 57. Rd1+ Ke7 58. Rd4 1-0

[Event "Lueneburg Open-A 2019"]
[Site "Lueneburg"]
[Date "2019.08.11"]
[Round "9.21"]
[White "Rick, Uwe"]
[Black "Fabregas, Oliver"]
[Result "1-0"]
[ECO "A21"]
[WhiteElo "2113"]
[BlackElo "1956"]
[Annotator "NA"]
[PlyCount "127"]
[EventDate "2019.08.03"]
[EventType "swiss"]
[EventCountry "GER"]
[SourceTitle "playchess.com"]
[Source "ChessBase"]
[SourceQuality "1"]
[TimeControl "40/5400+30:1800+30"]

1. c4 e5 2. g3 f5 3. Bg2 Nf6 4. Nc3 Bb4 5. Nd5 Nxd5 6. cxd5 O-O 7. e3 Bd6 8. f4 exf4 9. exf4 Re8+ 10. Ne2 Qe7 11. Kf2 Bc5+ 12. d4 Bb6 13. Re1 d6 14. Qd3 Nd7 15. Bd2 Nf6 16. Nc3 Qf7 17. Rxe8+ Qxe8 18. a4 a5 19. Re1 Qf7 20. Bf3 Bd7 21. Kg2 Re8 22. b3 g6 23. Rxe8+ Qxe8 24. Be3 Kg7 25. h3 Qe7 26. Bf2 Be8 27. g4 Bd7 28. g5 Ng8 29. h4 Be8 30. h5 Bf7 31. h6+ Kf8 32. Qe3 Ke8 33. Kf1 Kd7 34. Ke2 Kc8 35. Kd3 Kd7 36. Kc4 c6 37. Kd3 Qxe3+ 38. Bxe3 Ne7 39. dxc6+ bxc6 40. Bd1 d5 41. Bd2 Nc8 42. Ne2 Nd6 43. Be1 Ne4 44. b4 axb4 45. Bxb4 Nf2+ 46. Kc2 Be8 47. a5 Ba7 48. Nc1 Kc7 49. Nb3 Nxd1 50. Kxd1 Kb7 51. Bd6 Ka6 52. Kd2 Kb5 53. Kc3 Bd7 54. Bc7 Bc8 55. Nc1 c5 56. dxc5 Kxc5 57. Nd3+ Kc6 58. Bb6 Bb8 59. Kd4 Kd6 60. Ne5 Ke6 61. Nxg6 Kf7 62. Ne5+ Bxe5+ 63. Kxe5 d4 64. Bxd4 1-0

[Event "Lueneburg Open-A 2019"]
[Site "Lueneburg"]
[Date "2019.08.11"]
[Round "9.22"]
[White "Klages, Hans Juergen"]
[Black "Meschke, Oliver"]
[Result "1/2-1/2"]
[ECO "A89"]
[WhiteElo "2095"]
[BlackElo "1900"]
[Annotator "NA"]
[PlyCount "55"]
[EventDate "2019.08.03"]
[EventType "swiss"]
[EventCountry "GER"]
[SourceTitle "playchess.com"]
[Source "ChessBase"]
[SourceQuality "1"]
[TimeControl "40/5400+30:1800+30"]

1. d4 f5 2. g3 Nf6 3. Bg2 g6 4. Nf3 Bg7 5. O-O O-O 6. c4 d6 7. Nc3 Nc6 8. d5 Ne5 9. Nxe5 dxe5 10. e4 f4 11. b4 e6 12. Bb2 exd5 13. exd5 a5 14. a3 axb4 15. axb4 Rxa1 16. Bxa1 Bf5 17. Re1 Re8 18. Ne4 Nxe4 19. Bxe4 Bxe4 20. Rxe4 fxg3 21. hxg3 b6 22. c5 bxc5 23. bxc5 Qa8 24. f4 exf4 25. Rxe8+ Qxe8 26. Bxg7 Qe3+ 27. Kf1 Kxg7 28. d6 1/2-1/2

[Event "Lueneburg Open-A 2019"]
[Site "Lueneburg"]
[Date "2019.08.11"]
[Round "9.23"]
[White "Bosselmann, Tom Linus"]
[Black "Koellner, Christof"]
[Result "1-0"]
[ECO "E88"]
[WhiteElo "2000"]
[BlackElo "2091"]
[Annotator "NA"]
[PlyCount "137"]
[EventDate "2019.08.03"]
[EventType "swiss"]
[EventCountry "GER"]
[SourceTitle "playchess.com"]
[Source "ChessBase"]
[SourceQuality "1"]
[TimeControl "40/5400+30:1800+30"]

1. d4 Nf6 2. c4 d6 3. Nc3 g6 4. e4 Bg7 5. f3 O-O 6. Be3 e5 7. d5 c6 8. Qd2 cxd5 9. cxd5 Ne8 10. g4 f5 11. exf5 gxf5 12. h3 Qh4+ 13. Bf2 Qf6 14. g5 Qe7 15. O-O-O Na6 16. Kb1 Bd7 17. h4 Nec7 18. h5 h6 19. Bh4 hxg5 20. Bxg5 Bf6 21. Nh3 Kh8 22. Rg1 Rg8 23. Be2 f4 24. Bxf6+ Qxf6 25. Ne4 Bf5 26. Nhf2 Nc5 27. Bd3 Bxe4 28. Nxe4 Nxe4 29. Bxe4 Rg3 30. Qf2 Qg5 31. h6 Ne8 32. Rxg3 fxg3 33. Qg2 Nf6 34. Bc2 Rg8 35. h7 Rg7 36. Qh3 e4 37. Qc8+ Kxh7 38. Rh1+ Kg6 39. fxe4 Qe5 40. Rg1 Nh5 41. Bd1 Kg5 42. Qh3 Kh6 43. Bf3 Rg5 44. Bxh5 Rxh5 45. Qxg3 Qxg3 46. Rxg3 Re5 47. Rg4 Re7 48. Kc2 Kh5 49. Rg8 Rxe4 50. Rd8 Kg5 51. Rxd6 Kf5 52. Rd7 Rb4 53. Kc3 a5 54. a3 Rb6 55. b3 Ke5 56. Kc4 Kf6 57. b4 axb4 58. axb4 Ra6 59. Rxb7 Ra1 60. Kc5 Rc1+ 61. Kd6 Kf5 62. b5 Ke4 63. b6 Rh1 64. Re7+ Kd4 65. b7 Rb1 66. Rg7 Rb5 67. Kc7 Rc5+ 68. Kb6 Rxd5 69. b8=Q 1-0

[Event "Lueneburg Open-A 2019"]
[Site "Lueneburg"]
[Date "2019.08.11"]
[Round "9.24"]
[White "Garbuszus, Juergen"]
[Black "Thanisch, Matthias"]
[Result "1-0"]
[ECO "B10"]
[WhiteElo "2070"]
[BlackElo "1991"]
[Annotator "NA"]
[PlyCount "71"]
[EventDate "2019.08.03"]
[EventType "swiss"]
[EventCountry "GER"]
[SourceTitle "playchess.com"]
[Source "ChessBase"]
[SourceQuality "1"]
[TimeControl "40/5400+30:1800+30"]

1. e4 c6 2. Nf3 d5 3. exd5 cxd5 4. Ne5 Nf6 5. d4 g6 6. c3 Bg7 7. h4 Nbd7 8. h5 Nxh5 9. Rxh5 Nxe5 10. Rxe5 Bxe5 11. dxe5 h6 12. Bb5+ Kf8 13. Be3 Be6 14. Na3 a6 15. Bd3 b5 16. Nc2 Qc7 17. Bd4 Rb8 18. Qf3 Ke8 19. Nb4 Qb7 20. a4 Ra8 21. axb5 axb5 22. Bxb5+ Kf8 23. Rxa8+ Qxa8 24. Qd1 h5 25. Qa4 Kg7 26. Nc6 Qb7 27. b4 Ra8 28. Na7 Qc7 29. Bc6 Rxa7 30. Bxa7 Qxe5+ 31. Kd2 Qg5+ 32. Be3 Qxg2 33. b5 Qh1 34. b6 Bf5 35. Bxd5 Qxd5+ 36. Qd4+ 1-0

[Event "Lueneburg Open-A 2019"]
[Site "Lueneburg"]
[Date "2019.08.11"]
[Round "9.25"]
[White "Kroencke, Manfred"]
[Black "Nyenhuis, Yannek"]
[Result "1/2-1/2"]
[ECO "A49"]
[WhiteElo "2047"]
[BlackElo "1927"]
[Annotator "NA"]
[PlyCount "70"]
[EventDate "2019.08.03"]
[EventType "swiss"]
[EventCountry "GER"]
[SourceTitle "playchess.com"]
[Source "ChessBase"]
[SourceQuality "1"]
[TimeControl "40/5400+30:1800+30"]

1. e4 d6 2. d4 Nf6 3. Nd2 Nbd7 4. g3 e5 5. Ngf3 g6 6. Bg2 Bg7 7. O-O O-O 8. dxe5 Nxe5 9. Nxe5 dxe5 10. Nc4 Qe7 11. Qe2 b6 12. b3 Ba6 13. a4 Rfd8 14. Be3 Ne8 15. Rfd1 Nd6 16. a5 Nxc4 17. Rxd8+ Qxd8 18. bxc4 Qe7 19. Bf1 Bb7 20. f3 Bf8 21. c5 bxa5 22. Qb5 c6 23. Qxa5 Bc8 24. Bc4 Be6 25. Bxe6 Qxe6 26. Qc7 Qc4 27. Rxa7 Rxa7 28. Qxa7 Qxc2 29. Qb6 Qa4 30. Qd8 Qb4 31. Kg2 Qc4 32. Qc8 Qe2+ 33. Bf2 Qb5 34. Qe8 f6 35. Qe6+ Kg7 1/2-1/2

[Event "Lueneburg Open-A 2019"]
[Site "Lueneburg"]
[Date "2019.08.11"]
[Round "9.26"]
[White "Nielsen, Joerg"]
[Black "Grote, Dirk"]
[Result "1/2-1/2"]
[ECO "B12"]
[WhiteElo "2000"]
[BlackElo "2037"]
[Annotator "NA"]
[PlyCount "188"]
[EventDate "2019.08.03"]
[EventType "swiss"]
[EventCountry "GER"]
[SourceTitle "playchess.com"]
[Source "ChessBase"]
[SourceQuality "1"]
[TimeControl "40/5400+30:1800+30"]

1. e4 c6 2. d4 d5 3. e5 Bf5 4. Bd3 Bxd3 5. Qxd3 e6 6. Nf3 Qa5+ 7. Nbd2 Qa6 8. Qxa6 Nxa6 9. a3 c5 10. c3 h5 11. Nf1 Ne7 12. Bg5 Nf5 13. Ne3 Nxe3 14. Bxe3 Be7 15. Ke2 O-O 16. h3 Rac8 17. Rac1 b5 18. g4 cxd4 19. Bxd4 Nc5 20. Bxc5 Rxc5 21. gxh5 Rfc8 22. Rhg1 a5 23. Rg4 Rc4 24. Nd2 R4c7 25. Rcg1 Bf8 26. Kd3 b4 27. axb4 axb4 28. Nb1 bxc3 29. bxc3 Kh7 30. f3 Kh6 31. Rf4 Kh7 32. Rfg4 Ra8 33. Rc1 Ra1 34. Rgg1 Kh6 35. Nd2 Ra3 36. Nb1 Ra2 37. Nd2 Be7 38. Rb1 Bg5 39. Rgd1 Kxh5 40. Rb4 Ra3 41. Nb3 Kh6 42. Ra1 Rxa1 43. Nxa1 Ra7 44. Nc2 Ra2 45. f4 Bh4 46. f5 Bg3 47. fxe6 fxe6 48. Rb6 Bxe5 49. Rxe6+ Bf6 50. Rd6 Ra5 51. Ne3 Kh5 52. Nxd5 Be5 53. Rd8 Kh4 54. Rh8+ Kg3 55. Ke4 Bd6 56. Ne3 g6 57. Nc4 Ra4 58. Kd5 Bf4 59. Nb2 Ra2 60. Nd3 Rd2 61. Kc4 Be3 62. h4 Rd1 63. Rg8 Kxh4 64. Rxg6 Kh5 65. Rg3 Bg5 66. Kb5 Kg6 67. c4 Rb1+ 68. Kc6 Kf5 69. Rg2 Be7 70. Re2 Ba3 71. Re5+ Kf6 72. Ra5 Rb3 73. Nc5 Re3 74. Nd7+ Ke6 75. Ra8 Rc3 76. Re8+ Kf7 77. Re4 Rc1 78. Nb6 Rc3 79. Nd5 Rc1 80. Nc7 Rc2 81. Nb5 Bb4 82. Rf4+ Ke7 83. Nc7 Ba3 84. Nd5+ Ke6 85. Rf6+ Ke5 86. Rf5+ Kxf5 87. Ne3+ Ke4 88. Nxc2 Bf8 89. Kb5 Kd3 90. Nb4+ Kc3 91. Nc6 Kb3 92. Ne5 Kc3 93. Nd7 Be7 94. Nb8 Bd6 1/2-1/2

[Event "Lueneburg Open-A 2019"]
[Site "Lueneburg"]
[Date "2019.08.11"]
[Round "9.27"]
[White "Wobbe, Sven"]
[Black "Ziese, Gerhard"]
[Result "1-0"]
[ECO "C55"]
[WhiteElo "2019"]
[BlackElo "1897"]
[Annotator "NA"]
[PlyCount "123"]
[EventDate "2019.08.03"]
[EventType "swiss"]
[EventCountry "GER"]
[SourceTitle "playchess.com"]
[Source "ChessBase"]
[SourceQuality "1"]
[TimeControl "40/5400+30:1800+30"]

1. e4 e5 2. Nf3 Nc6 3. Bc4 Nf6 4. d3 Be7 5. c3 O-O 6. O-O d6 7. Bb3 Be6 8. Re1 Bxb3 9. Qxb3 b6 10. Nbd2 Qd7 11. Nf1 Rfe8 12. Ng3 g6 13. Bg5 Na5 14. Qd1 c5 15. d4 Qc7 16. d5 Qd8 17. Qd2 Nd7 18. Bxe7 Qxe7 19. b3 Nb7 20. Ne2 Nf6 21. Qd3 Rf8 22. Ng3 Ne8 23. h4 Ng7 24. Qd2 f5 25. c4 f4 26. Nf1 h6 27. Qe2 Kh7 28. N1h2 Nh5 29. Red1 Rae8 30. Rd3 Rg8 31. Kf1 Nf6 32. Ke1 g5 33. hxg5 hxg5 34. Kd2 Rg7 35. Rh1 Kg8 36. Kc2 Qf7 37. Rdd1 Qh5 38. Rde1 g4 39. Nd2 Qg6 40. Reg1 Kf7 41. Nhf1 Rh7 42. g3 Reh8 43. Rxh7+ Rxh7 44. f3 gxf3 45. Qxf3 Rg7 46. Rh1 Qg4 47. Qxg4 Rxg4 48. gxf4 Rxf4 49. Rh8 Ne8 50. Ne3 Nf6 51. Ra8 Kg6 52. Rxa7 Nd8 53. Kd3 Nf7 54. Rb7 Ng5 55. Rxb6 Nfxe4 56. Nxe4 Nxe4 57. a4 Nf2+ 58. Ke2 Rf6 59. a5 Ne4 60. a6 Kg5 61. Nd1 Rh6 62. a7 1-0

[Event "Lueneburg Open-A 2019"]
[Site "Lueneburg"]
[Date "2019.08.11"]
[Round "9.29"]
[White "Serreck, Uwe"]
[Black "Reuker, Matthias"]
[Result "0-1"]
[ECO "B20"]
[WhiteElo "1869"]
[BlackElo "2012"]
[Annotator "NA"]
[PlyCount "88"]
[EventDate "2019.08.03"]
[EventType "swiss"]
[EventCountry "GER"]
[SourceTitle "playchess.com"]
[Source "ChessBase"]
[SourceQuality "1"]
[TimeControl "40/5400+30:1800+30"]

1. e4 c5 2. b3 Nc6 3. Bb2 e5 4. Bc4 Nf6 5. d3 d6 6. Nc3 Be7 7. Nge2 a6 8. a4 Nd4 9. Nd5 Rb8 10. a5 Bg4 11. f3 Nxd5 12. Bxd5 Bh4+ 13. Ng3 Be6 14. Bxe6 Nxe6 15. O-O Bxg3 16. hxg3 h5 17. f4 f6 18. Qf3 Qe7 19. fxe5 dxe5 20. Qf5 Nd4 21. Qg6+ Qf7 22. Qxf7+ Kxf7 23. Rf2 Ke6 24. Ra4 Nc6 25. Ba3 Kd6 26. Rc4 Nxa5 27. Rxc5 Nc6 28. Rd5+ Ke6 29. Rd6+ Kf7 30. Rd7+ Kg6 31. Rd5 Rhd8 32. c4 Nd4 33. Bd6 Rbc8 34. b4 b5 35. Ra2 bxc4 36. dxc4 Rxc4 37. Rxa6 Ne2+ 38. Kf2 Rxe4 39. b5 Rd4 40. Kxe2 Rxd5 41. Bc7 Rd2+ 42. Ke1 Rd1+ 43. Ke2 R8d2+ 44. Ke3 Rxg2 0-1

[Event "Lueneburg Open-A 2019"]
[Site "Lueneburg"]
[Date "2019.08.11"]
[Round "9.30"]
[White "Fischer, Thomas"]
[Black "Rothenberg, Jannik"]
[Result "0-1"]
[ECO "C00"]
[WhiteElo "2106"]
[BlackElo "1859"]
[Annotator "NA"]
[PlyCount "96"]
[EventDate "2019.08.03"]
[EventType "swiss"]
[EventCountry "GER"]
[SourceTitle "playchess.com"]
[Source "ChessBase"]
[SourceQuality "1"]
[TimeControl "40/5400+30:1800+30"]

1. e4 e6 2. Qe2 Be7 3. f4 d5 4. e5 b6 5. Nf3 Ba6 6. d3 c5 7. c3 Nc6 8. g3 h5 9. Bh3 Nh6 10. O-O Qd7 11. a4 O-O-O 12. Na3 Na5 13. Qc2 Kb8 14. b3 Ng4 15. Bd2 c4 16. bxc4 dxc4 17. d4 Bb7 18. Bg2 Bc6 19. Nb5 a6 20. Nd6 Bxd6 21. exd6 Qxd6 22. f5 Ka7 23. Bf4 Qe7 24. Rae1 Bd5 25. fxe6 fxe6 26. h3 Nf6 27. Re5 Nc6 28. Re2 Rhf8 29. Rfe1 Qb7 30. Ng5 Bxg2 31. Nxe6 Bxh3 32. Nxf8 Rxf8 33. Bd6 Rf7 34. a5 Nxa5 35. Re7 Rxe7 36. Rxe7 Nd7 37. Kh2 Bg4 38. Rxg7 Qd5 39. Bf4 Qf5 40. Qg2 Qf6 41. Be5 Qc6 42. d5 Qc5 43. Bd4 Qd6 44. Qe4 Nb3 45. Be5 Qh6 46. Rf7 Qd2+ 47. Kg1 Qd1+ 48. Rf1 Qxf1+ 0-1

[Event "Lueneburg Open-A 2019"]
[Site "Lueneburg"]
[Date "2019.08.11"]
[Round "9.31"]
[White "Britsch, Benjamin"]
[Black "Bargsten, Justus"]
[Result "0-1"]
[ECO "D03"]
[WhiteElo "1835"]
[BlackElo "1946"]
[Annotator "NA"]
[PlyCount "62"]
[EventDate "2019.08.03"]
[EventType "swiss"]
[EventCountry "GER"]
[SourceTitle "playchess.com"]
[Source "ChessBase"]
[SourceQuality "1"]
[TimeControl "40/5400+30:1800+30"]

1. d4 d5 2. Nf3 Nf6 3. Bg5 e6 4. e3 c5 5. c3 Nc6 6. Nbd2 b6 7. Bb5 Bd7 8. a4 Bd6 9. e4 h6 10. Bxf6 gxf6 11. exd5 exd5 12. Bd3 Qe7+ 13. Qe2 Qxe2+ 14. Kxe2 O-O-O 15. dxc5 Rde8+ 16. Kf1 bxc5 17. h3 Kc7 18. Nh4 Rb8 19. Rb1 Ne5 20. Bc2 Rhe8 21. g3 Rb7 22. f4 Nc6 23. Nf5 Bf8 24. Kf2 c4 25. b3 Bc5+ 26. Kf1 Bxf5 27. Bxf5 Be3 28. Rh2 Bxd2 29. Rxd2 Rxb3 30. Rxb3 cxb3 31. Rxd5 Ne7 0-1

[Event "Lueneburg Open-A 2019"]
[Site "Lueneburg"]
[Date "2019.08.11"]
[Round "9.32"]
[White "Voigt, Martin"]
[Black "Darpan, Inani"]
[Result "1/2-1/2"]
[ECO "B52"]
[WhiteElo "2344"]
[BlackElo "1956"]
[Annotator "NA"]
[PlyCount "67"]
[EventDate "2019.08.03"]
[EventType "swiss"]
[EventCountry "GER"]
[SourceTitle "playchess.com"]
[Source "ChessBase"]
[SourceQuality "1"]
[TimeControl "40/5400+30:1800+30"]

1. e4 c5 2. Nf3 d6 3. Bb5+ Bd7 4. Bxd7+ Qxd7 5. O-O Nf6 6. e5 dxe5 7. Nxe5 Qc8 8. Na3 e6 9. Qf3 Be7 10. Nac4 O-O 11. Na5 Nbd7 12. Nxd7 Qxd7 13. Qxb7 Qxb7 14. Nxb7 a5 15. d4 cxd4 16. Bf4 Ra7 17. Nd6 Nh5 18. Be5 Rd7 19. Nc4 f6 20. Bg3 Nxg3 21. hxg3 Rc7 22. b3 Bb4 23. Rad1 e5 24. a4 Rd8 25. f3 Kf7 26. g4 h6 27. g3 Ke6 28. Kg2 Rxc4 29. bxc4 Rc8 30. Ra1 Rxc4 31. Ra2 Kd5 32. Kf2 Rc3 33. Rd1 Kc4 34. g5 1/2-1/2

[Event "Lueneburg Open-A 2019"]
[Site "Lueneburg"]
[Date "2019.08.11"]
[Round "9.33"]
[White "Wozny, Michael"]
[Black "Mandelkow, Elias"]
[Result "1/2-1/2"]
[ECO "A23"]
[WhiteElo "1942"]
[BlackElo "1741"]
[Annotator "NA"]
[PlyCount "109"]
[EventDate "2019.08.03"]
[EventType "swiss"]
[EventCountry "GER"]
[SourceTitle "playchess.com"]
[Source "ChessBase"]
[SourceQuality "1"]
[TimeControl "40/5400+30:1800+30"]

1. c4 e5 2. Nc3 Nf6 3. g3 c6 4. Bg2 d5 5. cxd5 cxd5 6. d3 Nc6 7. Nf3 Bc5 8. O-O Be6 9. Bd2 Qd7 10. Ng5 Bg4 11. h3 Bh5 12. Rc1 Bb6 13. Nf3 e4 14. dxe4 dxe4 15. Ng5 Nd4 16. Be3 Nxe2+ 17. Nxe2 Qxd1 18. Rfxd1 Bxe2 19. Re1 Bxe3 20. fxe3 Bd3 21. Rc7 O-O 22. h4 b6 23. Nh3 Rfc8 24. Rec1 Rxc7 25. Rxc7 Ng4 26. Ng5 f5 27. Ne6 g6 28. Nf4 Bb1 29. h5 Rd8 30. Rc1 Bxa2 31. hxg6 hxg6 32. Nxg6 Nxe3 33. Bh3 Kf7 34. Nf4 Be6 35. Rc6 Re8 36. Bf1 Nxf1 37. Kxf1 b5 38. Kf2 Bc4 39. Ke3 a5 40. Nh5 Re6 41. Rc7+ Re7 42. Rc6 Be6 43. Nf4 Bd7 44. Rd6 Be6 45. Rb6 Bc4 46. b3 Bf1 47. Nd5 Re5 48. Kd4 e3 49. Rb7+ Kf8 50. Kxe5 e2 51. Kf6 e1=Q 52. Rb8+ Qe8 53. Rxe8+ Kxe8 54. Kxf5 Kf7 55. Ke5 1/2-1/2

[Event "Lueneburg Open-A 2019"]
[Site "Lueneburg"]
[Date "2019.08.11"]
[Round "9.34"]
[White "Ploder, Udo"]
[Black "Melzer, Marcel"]
[Result "0-1"]
[ECO "B33"]
[WhiteElo "1942"]
[BlackElo "1843"]
[Annotator "NA"]
[PlyCount "84"]
[EventDate "2019.08.03"]
[EventType "swiss"]
[EventCountry "GER"]
[SourceTitle "playchess.com"]
[Source "ChessBase"]
[SourceQuality "1"]
[TimeControl "40/5400+30:1800+30"]

1. e4 c5 2. Nf3 Nc6 3. d4 cxd4 4. Nxd4 Nf6 5. Nc3 e5 6. Ndb5 d6 7. Bg5 a6 8. Bxf6 gxf6 9. Na3 b5 10. Nd5 f5 11. Bxb5 axb5 12. Nxb5 Ra4 13. b4 Rxb4 14. Nbc7+ Kd7 15. O-O Qg5 16. Rb1 Rg8 17. g3 Rb7 18. Rxb7 Bxb7 19. Qb1 Nd8 20. Qb6 fxe4 21. Rd1 f5 22. Ne3 f4 23. Nc4 Rg6 24. Nb5 e3 25. Ncxd6 Bxd6 26. Qc7+ Ke8 27. Nxd6+ Rxd6 28. Qxd6 e2 29. Qd7+ Kf8 30. Rb1 f3 31. h4 Qe7 32. Qf5+ Kg8 33. Qd3 e4 34. Qc4+ Qe6 35. Qd4 Nc6 36. Qe3 Qd7 37. Kh2 Ne7 38. Qg5+ Kf7 39. Qf4+ Kg7 40. Qg5+ Kf7 41. Qf4+ Qf5 42. Qe3 Bc8 0-1

[Event "Lueneburg Open-A 2019"]
[Site "Lueneburg"]
[Date "2019.08.11"]
[Round "9.35"]
[White "Joppien, Arne"]
[Black "Martinez Martin, David"]
[Result "1-0"]
[ECO "E92"]
[WhiteElo "1940"]
[BlackElo "2388"]
[Annotator "NA"]
[PlyCount "81"]
[EventDate "2019.08.03"]
[EventType "swiss"]
[EventCountry "GER"]
[SourceTitle "playchess.com"]
[Source "ChessBase"]
[SourceQuality "1"]
[TimeControl "40/5400+30:1800+30"]

1. d4 Nf6 2. c4 g6 3. Nc3 Bg7 4. e4 d6 5. Nf3 O-O 6. Be2 e5 7. Be3 Nc6 8. h3 Re8 9. d5 Ne7 10. g4 c6 11. Qd2 a6 12. O-O-O c5 13. Bd3 Bd7 14. Ne2 b5 15. Ng3 bxc4 16. Bxc4 Bb5 17. Qc3 Qd7 18. g5 Nh5 19. Nxh5 gxh5 20. Nh4 Ng6 21. Nf5 Bh8 22. Kb1 Reb8 23. Rd2 Rb7 24. Be2 h4 25. Bh5 Rab8 26. Bxg6 hxg6 27. Nxh4 Rb6 28. Nf3 Bg7 29. Ng1 Bf1 30. f3 Qb7 31. Rf2 Rb5 32. Bc1 f6 33. gxf6 Bxf6 34. Rxf1 Bg5 35. Rh2 Bd8 36. Rg2 Kf7 37. f4 Bf6 38. fxe5 dxe5 39. Rgf2 Rb6 40. Bg5 Rxb2+ 41. Rxb2 1-0

[Event "Lueneburg Open-A 2019"]
[Site "Lueneburg"]
[Date "2019.08.11"]
[Round "9.36"]
[White "Weidenhoefer, Max"]
[Black "Rempe, Jonas"]
[Result "0-1"]
[ECO "C55"]
[WhiteElo "1805"]
[BlackElo "1839"]
[Annotator "NA"]
[PlyCount "79"]
[EventDate "2019.08.03"]
[EventType "swiss"]
[EventCountry "GER"]
[SourceTitle "playchess.com"]
[Source "ChessBase"]
[SourceQuality "1"]
[TimeControl "40/5400+30:1800+30"]

1. e4 e5 2. Nf3 Nc6 3. Bc4 Nf6 4. d3 Be7 5. c3 O-O 6. Bb3 d6 7. h3 Na5 8. Bc2 c5 9. O-O Nc6 10. Re1 h6 11. Nbd2 Be6 12. Nf1 Rc8 13. d4 cxd4 14. cxd4 exd4 15. Ba4 Bd7 16. Bxc6 Bxc6 17. Qxd4 Nd7 18. N1d2 Nb6 19. Rb1 Bf6 20. Qe3 Re8 21. Qd3 Qd7 22. Nd4 d5 23. Nxc6 Qxc6 24. Re2 Be5 25. g3 Qa4 26. Nb3 Qc4 27. Qxc4 dxc4 28. Nd2 Na4 29. Nf3 c3 30. Nxe5 Rxe5 31. Rc2 Rxe4 32. f3 Re1+ 33. Kf2 Rh1 34. Kg2 Rd1 35. bxc3 Rxc3 36. Rxc3 Nxc3 37. Ra1 a6 38. a3 Ne2 39. Bb2 Rd2 40. Be5 0-1